 Dungeon Crawl Stone Soup version 0.28-a0-1339-ga5422284a4 (webtiles) character file.

Game seed: 10351152863716563838

161 strifetoe the Chopper (level 5, 0/45 HPs)
             Began as a Minotaur Fighter on Dec 29, 2021.
             Slain by an adder (3 damage)
             ... in a sewer.
             The game lasted 00:02:05 (2246 turns).

strifetoe the Chopper (Minotaur Fighter)            Turns: 2246, Time: 00:02:06

Health: 0/45       AC:  6    Str: 22    XL:     5   Next: 18%
Magic:  4/4        EV: 10    Int:  5    God:
Gold:   138        SH: 12    Dex: 10    Spells: 4/4 levels left

rFire   . . .      SeeInvis .   a - +0 war axe
rCold   . . .      Faith    .   o - +0 tower shield
rNeg    . . .      Spirit   .   b - +0 scale mail
rPois   .          Reflect  .   (helmet restricted)
rElec   .          Harm     .   (no cloak)
rCorr   .          Rampage  .   (no gloves)
Will    .....                   (no boots)
Stlth   ..........              (no amulet)
HPRegen 0.15/turn               j - +4 ring of evasion
MPRegen 0.09/turn               (no ring)

@: very slow
A: horns 2, retaliatory headbutt
a: no special abilities


You were in a sewer.
You visited 1 branch of the dungeon, and saw 3 of its levels.
You also visited: Sewer.

You collected 138 gold pieces.

Inventory:

Hand Weapons
 a - a +0 war axe (weapon)
Armour
 b - a +0 scale mail (worn)
 c - a +0 buckler
 o - a +0 tower shield (worn)
Jewellery
 j - a +4 ring of evasion (left hand)
Scrolls
 f - a scroll of blinking {unknown}
 k - 2 scrolls of teleportation {unknown}
 n - a scroll of identify {unknown}
 p - 2 scrolls of enchant armour {unknown}
 q - 2 scrolls of fear {unknown}
Potions
 d - a potion of might
 e - a potion of flight {unknown}
 g - a potion of haste {unknown}
 h - 2 potions of magic {unknown}
 i - a potion of lignification {unknown}
 l - a potion of mutation {unknown}
 m - 2 potions of brilliance {unknown}


   Skills:
 - Level 3.6 Fighting
 + Level 6.0 Axes
 - Level 3.6 Armour
 - Level 1.5 Dodging
 - Level 1.0 Stealth
 - Level 3.6 Shields


You had 4 spell levels left.
You didn't know any spells.
Your spell library contained the following spells:

 Spells                   Type           Power      Damage    Failure   Level
 Freeze                   Ice            0%         1d3       100%        1
 Frozen Ramparts          Ice            0%         1d2       100%        3
 Hailstorm                Conj/Ice       0%         3d3       100%        4


Dungeon Overview and Level Annotations

Branches:
Dungeon (3/15)              Sewer (1/1)

Altars:
Zin


Innate Abilities, Weirdness & Mutations

You have a pair of horns on your head.
You reflexively headbutt those who attack you in melee.


Message History

You closely miss the river rat. You block the river rat's attack.
The river rat bites you.
Your unstable footing causes you to fumble your attack.
You block the river rat's attack.
Your unstable footing causes you to fumble your attack.
The river rat bites you. x2
Your unstable footing causes you to fumble your attack.
The river rat bites you. You block the river rat's attack.
You closely miss the river rat. Your headbutt misses the river rat.
You block the river rat's attack.
Your unstable footing causes you to fumble your attack.
You block the river rat's attack. The river rat bites you!
* * * LOW HITPOINT WARNING * * *
Your unstable footing causes you to fumble your attack.
The river rat bites you.
* * * LOW HITPOINT WARNING * * *
Your unstable footing causes you to fumble your attack.
The river rat bites you.
* * * LOW HITPOINT WARNING * * *
The river rat bites you.
* * * LOW HITPOINT WARNING * * *
Your shield prevents you from hitting the river rat.
Your headbutt misses the river rat. You block the river rat's attack.
The river rat bites you but does no damage.
Your unstable footing causes you to fumble your attack.
The river rat bites you.
* * * LOW HITPOINT WARNING * * *
You slash the river rat!
You kill the river rat!
You block the adder's attack. The adder bites you but does no damage.
Your Axes skill increases to level 6!
You closely miss the adder. Your headbutt misses the adder.
The adder barely misses you. You block the adder's attack.
You closely miss the adder. You headbutt the adder.
The adder is moderately wounded.
You block the adder's attack. The adder bites you but does no damage.
You closely miss the adder. Your headbutt misses the adder.
The adder is moderately wounded.
The adder bites you.
You die...

#≈# ##≈## ##### #
##...## ##≈≈.##
#####.....####≈≈..≈#
≈≈≈≈≈≈≈..≈≈††≈.....#
#####≈≈≈.≈####≈..≈.#
# ##≈≈.## ##≈.≈##
##≈## ##≈## #≈# #@#
#≈# #S# #≈# #S# #≈#
#≈# .≈ ≈.. ... ...
.....


You could see an adder and a ball python.

Vanquished Creatures
  4 gnolls
  2 river rats (Sewer)
  4 adders
  A worm (D:2)
  4 ball pythons (D:1)
  4 endoplasms
  2 giant cockroaches
  5 goblins
  6 hobgoblins
  6 jackals (D:2)
  10 kobolds
  A quokka (D:2)
  7 bats
  A frilled lizard (D:1)
  5 rats
62 creatures vanquished.

Notes
Turn   | Place    | Note
-------+----------+-------------------------------------------
     0 | D:1      | strifetoe the Minotaur Fighter began the quest for the Orb.
     0 | D:1      | Reached XP level 1. HP: 19/19 MP: 0/0
   159 | D:1      | Reached skill level 3 in Axes
   199 | D:1      | Reached XP level 2. HP: 24/26 MP: 1/1
   239 | D:1      | Found a faded altar of an unknown god.
   352 | D:1      | Reached skill level 1 in Dodging
   795 | D:1      | Reached skill level 4 in Axes
   795 | D:1      | Reached XP level 3. HP: 21/31 MP: 2/2
  1176 | D:2      | Reached XP level 4. HP: 39/39 MP: 3/3
  1192 | D:2      | Reached skill level 5 in Axes
  1468 | D:2      | Identified the +1 leather armour of Disappointment {Str+3
                  | Stlth+}
  1879 | D:3      | Found a glowing drain.
  1989 | D:3      | Found a glowing silver altar of Zin.
  2095 | Sewer    | Entered a sewer
  2116 | Sewer    | Reached skill level 1 in Stealth
  2116 | Sewer    | Reached XP level 5. HP: 36/45 MP: 4/4
  2240 | Sewer    | HP: 2/45 [river rat (2)]
  2244 | Sewer    | Reached skill level 6 in Axes
  2246 | Sewer    | Slain by an adder

Illustrated notes

Levels and vault maps discovered:
D:1:      roderic_octagonal_star, layout_rooms,
          hellmonk_ecumenical_altar_pennies_from_heaven, hangedman_glass_teeth,
          moated_statue, kennysheep_another_room, minmay_misc_feat_encased,
          minmay_pentomino_x4
D:2:      layout_loops_ring
D:3:      layout_basic, zin_treasury, portal_sewer_entry_e
Sewer:    sewer_co_15_rooms

Skill      XL: |  1  2  3  4  5 |
---------------+----------------+-----
Axes           | 3 4 5 6 |  6.0
Dodging        | 1 |  1.5
Stealth        | 1 |  1.0
Fighting       | |  3.6
Armour         | |  3.6
Shields        | |  3.6

Action                   |  1- 3 |  4- 6 || total
-------------------------+-------+-------++-------
Melee: War axe           |    61 |    72 ||   133
       Headbutt          |     9 |     7 ||    16
Armor: Scale mail        |    26 |    14 ||    40
Dodge: Dodged            |    30 |    31 ||    61
Block: Buckler           |     9 |       ||     9
       Tower shield      |    22 |    54 ||    76

Table legend: (Time is in decaauts)
 A = Elapsed time spent in this place.
 B = Non-inter-level travel time spent in this place.
 C = Inter-level travel time spent in this place.
 D = Time resting spent in this place.
 E = Time spent auto-exploring this place.
 F = Levels seen in this place.
 G = Mean time per level.
                   A        B        C        D        E       F      G
               +--------+--------+--------+--------+--------+-----+--------+
         Total |   2339 |   2162 |    177 |     89 |   1653 |   4 |  584.8 |
       Dungeon |   2153 |   1976 |    177 |     89 |   1561 |   3 |  717.7 |
         Sewer |    185 |    185 |      0 |      0 |     92 |   1 |  185.0 |
               +--------+--------+--------+--------+--------+-----+--------+

Top non-repeatable levels by time:
     D:1: 1043 daAuts
     D:2: 854 daAuts
     D:3: 255 daAuts
   Sewer: 185 daAuts
